 Dungeon Crawl Stone Soup version 0.27-a0-498-g7ecbb0a48f (webtiles) character file.

Game seed: 10546388502166110943

102 siradein the Sneak (level 4, 0/36 HPs)
             Began as a Draconian Brigand on Mar 2, 2021.
             Succumbed to an orc's poison
             ... on level 6 of the Dungeon.
             The game lasted 00:03:58 (2128 turns).

siradein the Sneak (Draconian Brigand)              Turns: 2128, Time: 00:03:59

Health: 0/36       AC:  7    Str: 14    XL:     4   Next: 50%
Magic:  4/4        EV: 11    Int: 11    God:
Gold:   137        SH:  0    Dex: 13    Spells: 3/3 levels left

rFire    . . .     SeeInvis .   a - +2 dagger
rCold    . . .     Faith    .   (no shield)
rNeg     . . .     Spirit   .   (armour unavailable)
rPois    .         Reflect  .   (helmet restricted)
rElec    .         Harm     .   b - +0 cloak
rCorr    .         Rampage  .   (no gloves)
Will     .....                  p - +0 pair of boots
Stlth    ++........             (no amulet)
HPRegen  0.12/turn              (no ring)
MPRegen  0.09/turn              (no ring)

@: lethally poisoned (0 -> -14)
A: unfitting armour, cold-blooded, AC +5
a: no special abilities


You were on level 6 of the Dungeon.
You visited 1 branch of the dungeon, and saw 4 of its levels.

You collected 137 gold pieces.

Inventory:

Hand Weapons
 a - a +2 dagger (weapon)
Missiles
 c - 8 poisoned darts (quivered)
 d - 2 curare-tipped darts
 h - 13 sling bullets
 l - 79 stones
 n - 21 arrows
 o - 37 bolts
Armour
 b - a +0 cloak (worn)
 p - a +0 pair of boots (worn)
Scrolls
 f - 3 scrolls of teleportation {unknown}
 g - a scroll of identify {unknown}
 j - a scroll of enchant armour {unknown}
 m - a scroll of fog {unknown}
Potions
 e - a potion of curing {unknown}
 i - a potion of lignification {unknown}
 k - a potion of degeneration {unknown}


   Skills:
 - Level 2.1 Fighting
 + Level 3.6 Short Blades
 + Level 3.3 Throwing
 - Level 0.8 Dodging
 - Level 3.6 Stealth


You had 3 spell levels left.
You didn't know any spells.
Your spell library was empty.

Dungeon Overview and Level Annotations

Branches:
Dungeon (3/15)

Altars:

Annotations:
D:2 Sigmund


Innate Abilities, Weirdness & Mutations

Your plain brown scales are hard. (AC +5)
You cannot fit into any form of body armour.
You are cold-blooded and may be slowed by cold attacks.


Message History

The orc wizard hits you but does no damage.
You bump into the rock wall.
The orc wizard gestures at you while chanting.
The puff of flame hits you but does no damage.
You bump into the rock wall.
The orc wizard hits you with a +0 dagger.
You bump into the rock wall.
The orc misses you.
You bump into the rock wall.
You feel less confused. The orc hits you but does no damage.
You are poisoned.
You feel sick. The orc misses you.
You feel sick.
The orc hits you with a +0 dagger of venom.
The orc wizard points at you and mumbles some strange words.
The magic dart hits you.
* * * LOW HITPOINT WARNING * * *
The orc wizard casts a spell at you.
The magic dart hits you but does no damage.
You feel sick.
The orc wizard casts a spell at itself.
The orc wizard flickers and vanishes!
Deactivating autopickup; reactivate with Ctrl-A.
You feel sick.
You hit the orc.
The orc is almost dead.
You feel sick.
The orc hits you with a +0 dagger of venom.
* * * LOW HITPOINT WARNING * * *
You barely miss the orc.
The orc is almost dead.
You hit the orc but do no damage.
The orc is almost dead.
* * * LOW HITPOINT WARNING * * *
You feel sick. The orc hits you but does no damage.
You are more poisoned.
You hit the orc.
You kill the orc!
You die...

... .. ##..
... #.. #.#
#.# #@# #)#
##o###
#o.o.#
#....#
#....# ###
#....#
#oo.###'###
#o#o..#.#


You could see an orc wizard and 2 orcs.

Vanquished Creatures
  3 gnolls (D:2)
  2 adders
  An ooze (D:1)
  2 dart slugs (D:1)
  3 leopard geckos (D:1)
  2 orcs
  8 bats
  3 giant cockroaches
  4 goblins
  4 hobgoblins
  4 jackals (D:1)
  3 kobolds
  2 frilled lizards
  A leopard gecko skeleton (D:6)
  4 rats (D:1)
46 creatures vanquished.

Notes
Turn   | Place    | Note
-------+----------+-------------------------------------------
     0 | D:1      | siradein the Draconian Brigand began the quest for the Orb.
     0 | D:1      | Reached XP level 1. HP: 17/17 MP: 1/1
   110 | D:1      | Reached XP level 2. HP: 24/24 MP: 2/2
   380 | D:1      | Reached XP level 3. HP: 26/29 MP: 3/3
  1234 | D:2      | Reached XP level 4. HP: 13/36 MP: 4/4
  1590 | D:2      | Noticed Sigmund
  2085 | D:3      | You fall into a shaft and drop 3 floors!
  2127 | D:6      | HP: 1/36 [poisoned by an orc]
  2128 | D:6      | Succumbed to an orc's poison

Illustrated notes

Levels and vault maps discovered:
D:1:      lightli_arrival_farm, layout_basic
D:2:      layout_rooms, chequers_temple_overflow_minitemple, uniq_sigmund
D:3:      layout_loops_cross
D:6:      layout_basic, uniq_blork_the_orc

Skill      XL: |  1  2  3 |
---------------+----------+-----
Throwing       | 2 3 |  3.3
Short Blades   | 3 |  3.6
Fighting       | |  2.1
Dodging        | |  0.8
Stealth        | |  3.6

Action                   |  1- 3 |  4- 6 || total
-------------------------+-------+-------++-------
Melee: Dagger            |    96 |    60 ||   156
       Tailslap          |     9 |     3 ||    12
 Stab: Sleeping          |     7 |     2 ||     9
Armor: Skin              |    28 |    25 ||    53
Dodge: Dodged            |    59 |    30 ||    89

Table legend: (Time is in decaauts)
 A = Elapsed time spent in this place.
 B = Non-inter-level travel time spent in this place.
 C = Inter-level travel time spent in this place.
 D = Time resting spent in this place.
 E = Time spent auto-exploring this place.
 F = Levels seen in this place.
 G = Mean time per level.
                   A        B        C        D        E       F      G
               +--------+--------+--------+--------+--------+-----+--------+
         Total |   2130 |   2092 |     38 |     13 |   1580 |   4 |  532.5 |
       Dungeon |   2130 |   2092 |     38 |     13 |   1580 |   4 |  532.5 |
               +--------+--------+--------+--------+--------+-----+--------+

Top non-repeatable levels by time:
     D:1: 1277 daAuts
     D:3: 465 daAuts
     D:2: 347 daAuts
     D:6: 40 daAuts
